 Dungeon Crawl Stone Soup version 0.28-a0-687-gb91baff9cc (webtiles) character file.

Game seed: 13645704475718249346

80263 siradein the Unforgettable (level 15, -2/109 HPs)
             Began as a Demonspawn Warper on Oct 18, 2021.
             Was the Champion of Hepliaklqana.
             Slain by an eight-headed hydra (8 damage)
             ... on level 15 of the Dungeon on Oct 20, 2021.
             The game lasted 01:50:30 (25465 turns).

siradein the Unforgettable (Demonspawn Warper)     Turns: 25465, Time: 01:50:32

Health: -2/109     AC: 16    Str: 20    XL:     15   Next: 23%
Magic:  28/28      EV: 16    Int: 28    God:    Hepliaklqana [******]
Gold:   1298       SH:  0    Dex: 15    Spells: 11/32 levels left

rFire   . . .      SeeInvis +   R - +10 halberd "Wid Paiq" {protect, rPois rN+ Str+4 Dex-3}
rCold   . . .      Faith    .   (shield currently unavailable)
rNeg    + . .      Spirit   .   z - +3 robe of Clouds {*Thunder rCloud rElec}
rPois   +          Reflect  .   (helmet unavailable)
rElec   +          Harm     .   f - +2 cloak
rCorr   .          Rampage  .   N - +2 pair of gloves {Dex+3}
Will    +....                   o - +0 pair of boots
Stlth   +.........              (no amulet)
HPRegen 0.28/turn               U - +6 ring of intelligence
MPRegen 0.42/turn               y - ring of Gluttony {Str+2 Int+6}

@: no status effects
A: reduced essence, antennae 3, rugged brown scales 2, powered by death 2, magic
regeneration
a: Renounce Religion, Recall Ancestor, Ancestor Identity, Transference, Idealise


You were on level 15 of the Dungeon.
You worshipped Hepliaklqana.
Hepliaklqana was exalted by your worship.
You visited 4 branches of the dungeon, and saw 24 of its levels.
You also visited: Ossuary and Gauntlet.

You collected 2136 gold pieces.
You spent 838 gold pieces at shops.

Inventory:

Hand Weapons
 b - a +0 quarterstaff of speed
 R - the +10 halberd "Wid Paiq" (weapon) {protect, rPois rN+ Str+4 Dex-3}
   (You bought it in a shop on level 9 of the Dungeon)

   It grants its wielder temporary protection when it strikes (+7 to AC).
   Str:       It affects your strength (+4).
   Dex:       It affects your dexterity (-3).
   rPois:     It protects you from poison.
   rN:        It protects you from negative energy.
Missiles
 a - 8 javelins
 d - 5 boomerangs of dispersal
 u - 16 curare-tipped darts
 w - 20 boomerangs
 x - 3 silver javelins
 O - 28 poisoned darts
Armour
 f - a +2 cloak (worn)
 o - a +0 pair of boots (worn)
 z - the +3 robe of Clouds (worn) {*Thunder rCloud rElec}
   (You bought it in a shop on level 10 of the Dungeon)

   It occasionally creates storm clouds above nearby enemies.
   It grants its wearer immunity to clouds.
   rElec:     It insulates you from electricity.
 N - a +2 pair of gloves of dexterity (worn)
Jewellery
 y - the ring of Gluttony (right hand) {Str+2 Int+6}
   (You found it on level 6 of the Lair of Beasts)

   [ring of intelligence]

   Str:       It affects your strength (+2).
   Int:       It affects your intelligence (+6).
 B - the amulet of Iguxegg {Reflect rF+ rC+ SH+5}
   (You found it on level 12 of the Dungeon)

   [amulet of reflection]

   It reflects blocked missile attacks.
   rF:        It protects you from fire.
   rC:        It protects you from cold.
   SH:        It affects your SH (+5).
 C - an amulet of regeneration
 D - the ring "Xapoq" {rF+ rC+ Will+ rCorr Dex-2}
   (You acquired it on level 3 of the Lair of Beasts)

   [ring of protection from fire]

   Dex:       It affects your dexterity (-2).
   rF:        It protects you from fire.
   rC:        It protects you from cold.
   rCorr:     It protects you from acid and corrosion.
   Will:      It increases your willpower.
 G - the ring of Res Nullius {rElec Str+6 Int+2}
   (You took it off a gnoll on level 6 of the Dungeon)

   [ring of strength]

   Str:       It affects your strength (+6).
   Int:       It affects your intelligence (+2).
   rElec:     It insulates you from electricity.
 H - a ring of positive energy
 M - a ring of flight
 U - a +6 ring of intelligence (left hand)
Wands
 k - a wand of acid (7)
 A - a wand of digging (11)
 E - a wand of charming (4)
 I - a wand of paralysis (21)
 J - a wand of mindburst (7)
 K - a wand of flame (116)
 P - a wand of polymorph (21)
 S - a wand of iceblast (46)
Scrolls
 c - 5 scrolls of blinking
 h - a scroll of silence
 i - a scroll of identify
 j - 8 scrolls of teleportation
 p - 3 scrolls of fog
 r - a scroll of amnesia
 Q - a scroll of fear
 X - a scroll of enchant weapon
Potions
 e - 2 potions of flight
 g - 2 potions of haste
 l - 7 potions of curing
 n - 7 potions of brilliance
 q - a potion of might
 s - 4 potions of ambrosia
 t - a potion of mutation
 F - a potion of cancellation
 L - a potion of berserk rage {unknown}
 W - 3 potions of magic
 Z - 5 potions of heal wounds
Miscellaneous
 m - a phial of floods
 v - a piece from Xom's chessboard (15/15)


   Skills:
 + Level 9.9 Fighting
 + Level 9.2 Polearms
 + Level 8.9 Throwing
 + Level 9.0 Armour
 + Level 9.1 Dodging
 + Level 9.2 Spellcasting
 + Level 9.3 Translocations
 - Level 10.3 Invocations
 + Level 8.6 Evocations


You had 11 spell levels left.
You knew the following spells:

 Your Spells              Type           Power      Damage    Failure   Level
a - Apportation           Tloc           100%       N/A       1%          1
b - Blink                 Tloc           N/A        N/A       1%          2
c - Gell's Gravitas       Tloc           30%        N/A       1%          3
d - Lesser Beckoning      Tloc           60%        N/A       1%          3
e - Teleport Other        Tloc           60%        N/A       1%          3
f - Manifold Assault      Tloc           60%        N/A       2%          5
g - Passage of Golubria   Tloc           60%        N/A       1%          4

Your spell library contained the following spells:

 Spells                   Type           Power      Damage    Failure   Level
 Animate Skeleton         Necr           24%        N/A       4%          1
 Freeze                   Ice            48%        1d7       4%          1
 Summon Small Mammal      Summ           48%        N/A       4%          1
 Conjure Flame            Conj/Fire      12%        6-21      13%         3
 Frozen Ramparts          Ice            24%        1d4       13%         3
 Ignite Poison            Fire/Tmut/Pois 12%        N/A       13%         3
 Stone Arrow              Conj/Erth      24%        3d8       13%         3
 Tukima's Dance           Hex            12%        N/A       13%         3
 Animate Armour           Summ/Erth      24%        N/A       41%         4
 Hailstorm                Conj/Ice       12%        3d5       41%         4
 Sticky Flame             Conj/Fire      12%        2d4       41%         4
 Silence                  Hex/Air        6%         N/A       77%         5
 Yara's Violent Unravell  Hex/Tmut       6%         3d5       77%         5
 Lehudib's Crystal Spear  Conj/Erth      6%         10d3      100%        8
 Chain Lightning          Conj/Air       6%         3d8       100%        9
 Fire Storm               Conj/Fire      6%         8d2       100%        9
 Shatter                  Erth           6%         3d9*      100%        9


Dungeon Overview and Level Annotations

Branches:
Dungeon (15/15)            Temple (1/1) D:6            Lair (6/6) D:11
 Shoals (0/4) Lair:4        Snake (0/4) Lair:2        Slime (0/5) Lair:6
    Orc (2/2) D:11            Elf (0/3) Orc:2        Vaults (0/5) D:13
Ossuary (visited)         Gauntlet (visited)
 Depths: D:15

Altars:
Ashenzari
Dithmenos
Elyvilon
Fedhas
Gozag
Hepliaklqana
Makhleb
Nemelex Xobeh
Okawaru
Qazlal
Ru
Sif Muna
Trog
Vehumet
Wu Jian
Yredelemnul
Zin
The Shining One
Beogh

Shops:
D:6 ?   D:9 (   D:10 [   Orc:1 [   Orc:2 :[*(

Portals:
Trove: D:13 (show abyssal rune of Zot)


Innate Abilities, Weirdness & Mutations

Your life essence is reduced to manifest your ancestor. (-10% HP)
You have a pair of large antennae on your head. (SInv)
You are mostly covered in rugged brown scales. (AC +2, +5% HP)
You regenerate health from kills.
You regenerate magic rapidly.


Message History

The fire elemental closely misses Maendfuq.
Maendfuq closely misses the fire elemental.
The fire elemental hits Maendfuq.
The fire elemental burns Maendfuq!
Maendfuq resists.
The fire elemental is struck by lightning.
The fire elemental sizzles in the rain.
You destroy the fire elemental!
The fire elemental disappears in a puff of smoke!
Maendfuq closely misses the fire elemental.
The fire elemental closely misses Maendfuq.
Something barely misses Maendfuq.
You block the fire elemental's attack.
The fire elemental disappears in a puff of smoke!
The fire elemental disappears in a puff of smoke!
You start removing your amulet.
You continue taking off the amulet of Iguxegg {Reflect rF+ rC+ SH+5}. x4
The eight-headed hydra bites Maendfuq but does no damage.
The eight-headed hydra bites Maendfuq! x2
The eight-headed hydra closely misses Maendfuq.
The eight-headed hydra bites Maendfuq but does no damage.
The eight-headed hydra closely misses Maendfuq.
The eight-headed hydra bites Maendfuq but does no damage.
The eight-headed hydra bites Maendfuq.
Maendfuq hits the eight-headed hydra with a +0 dagger of draining!
Maendfuq drains the eight-headed hydra.
You finish taking off the amulet of Iguxegg {Reflect rF+ rC+ SH+5}.
You start putting on your amulet.
You continue putting on your amulet of regeneration.
The eight-headed hydra bites Maendfuq! x3
Maendfuq is destroyed!
You continue putting on your amulet of regeneration. x3
The eight-headed hydra bites you.
* * * LOW HITPOINT WARNING * * *
The eight-headed hydra bites you.
* * * LOW HITPOINT WARNING * * *
The eight-headed hydra closely misses you. x2
The eight-headed hydra bites you!
* * * LOW HITPOINT WARNING * * *
The eight-headed hydra misses you. x2; The eight-headed hydra bites you!
You die...

# # { ## + #. + #. # #. # { { #.
###++## ##.
......#########################..
.............e.D@..........))....
...#....#...............#...#R)..
P.#.#..#.#..##...#.#...#...###...
...#....#.........#...#.....#....
.....).......##..#.#.............
.#....#(##..............#.....#..
.#########.#..#.##....#########..
## ############## ### # #


You could see an eight-headed hydra (drained) and a deep elf pyromancer.

Vanquished Creatures
  A minotaur (Gauntlet)
  Snorg (D:14)
  3 vault guards (D:13)
  4 two-headed ogres
  7 hydras
  2 boulder beetles
  2 catoblepae
  3 centaur warriors
  A death knight (D:15)
  A deep troll shaman (Lair:6)
  4 orc high priests
  5 death yaks (Lair:6)
  A hell hog (Gauntlet)
  Nergalle (Lair:1)
  Urug (Lair:5)
  A wizard (D:13)
  A lindwurm (Lair:6)
  3 deep elf pyromancers
  An orc knight (D:10)
  2 orc sorcerers (Orc:2)
  3 oklob plants (Lair:6)
  2 manticores
  2 ugly things
  7 black mambas
  2 cyclopes
  6 elephants
  A guardian serpent (D:14)
  A cane toad (shapeshifter) (D:12)
  10 cane toads
  An unseen horror (D:11)
  3 rime drakes
  2 freezing wraiths
  5 komodo dragons
  A meliai (D:10)
  4 polar bears
  3 trolls
  4 slime creatures (D:12)
  23 blink frogs
  15 dream sheep
  A snapping turtle (Lair:4)
  A centaur simulacrum (D:14)
  3 flying skulls (Gauntlet)
  2 shadows (Gauntlet)
  2 wraiths
  2 wyverns
  Sigmund (D:5)
  23 yaks
  2 fire bats (Gauntlet)
  5 basilisks
  2 steam dragons
  4 vampire mosquitoes
  Edmund (D:3)
  2 wargs (Orc:1)
  2 acid dragons
  3 hell hounds (Gauntlet)
  16 water moccasins
  An ice beast (D:5)
  21 orc warriors
  4 black bears
  A necrophage (D:7)
  4 ogres
  A sky beast (D:6)
  4 wolves (Lair:6)
  8 centaurs
  3 kobold brigands
  8 bullfrogs
  A scorpion (D:4)
  2 gnoll sergeants
  2 hexers (Orc:2)
  A water moccasin skeleton (D:6)
  6 killer bees
  6 electric eels
  A howler monkey (D:8)
  5 centaur zombies
  3 bullfrog zombies (D:6)
  23 orc priests
  4 gnoll shamans
  A hound (D:4)
  A bullfrog skeleton (D:7)
  Natasha (thrice) (D:2)
  33 orc wizards
  A killer bee zombie (D:7)
  A hound skeleton (D:5)
  A mummy (Ossuary)
  A howler monkey zombie (D:5)
  23 gnolls
  3 adders
  2 shadow imps
  A white imp (D:6)
  2 dart slugs
  A worm (D:4)
  51 orcs
  5 endoplasms
  A giant cockroach (D:1)
  7 goblins
  6 hobgoblins
  2 jackals (D:4)
  4 quokkas
  2 ball pythons
  5 bats
  3 frilled lizards (D:1)
  2 gnoll skeletons (Ossuary)
  18 kobolds
  A kobold skeleton (Ossuary)
  6 orc skeletons (Ossuary)
  8 rats
516 creatures vanquished.

Vanquished Creatures (collateral kills)
  2 vault guards (D:13)
  4 hydras
  An ogre mage (D:13)
  A death yak (Lair:6)
  An orc high priest (Orc:2)
  A deep elf knight (D:15)
  A slime creature (D:12)
  An elephant (Lair:6)
  A guardian serpent (D:14)
  2 black mambas (Lair:2)
  2 cane toads
  2 polar bears
  Prince Ribbit (D:7)
  4 dream sheep (Lair:5)
  4 blink frogs
  2 wyverns
  2 humans (D:13)
  2 yaks (D:9)
  2 basilisks
  A steam dragon (Lair:5)
  A warg (Orc:1)
  4 water moccasins
  2 orc warriors
  A sky beast (D:6)
  2 black bears
  A wyvern zombie (D:8)
  2 bullfrogs
  A scorpion (D:6)
  A killer bee (D:8)
  An electric eel (Lair:4)
  2 howler monkeys
  2 bullfrog zombies (D:5)
  A hound (D:6)
  4 orc priests
  5 orc wizards
  3 adders
  4 gnolls
  14 orcs
  A kobold (D:10)
89 creatures vanquished.

Vanquished Creatures (others)
  An orc priest (Orc:2)
  An orc wizard (D:6)
  37 hexers
  A gnoll (D:9)
  9 ancestors
  An orc (D:3)
  19 fungi
  25 plants
  A withered plant (Gauntlet)
95 creatures vanquished.

Grand Total: 700 creatures vanquished

Notes
Turn   | Place    | Note
-------+----------+-------------------------------------------
     0 | D:1      | siradein the Demonspawn Warper began the quest for the Orb.
     0 | D:1      | Reached XP level 1. HP: 16/16 MP: 3/3
    82 | D:1      | Reached skill level 1 in Armour
   102 | D:1      | Reached skill level 1 in Throwing
   316 | D:1      | Learned a level 1 spell: Apportation
   406 | D:1      | Gained mutation: You are partially covered in rugged brown
                  | scales. (AC +1, +3% HP) [demonic ancestry]
   406 | D:1      | Reached XP level 2. HP: 13/22 MP: 5/5
   409 | D:1      | Learned a level 2 spell: Blink
  1453 | D:2      | HP: 1/22 [goblin/stone (6)]
  1454 | D:2      | Gained mutation: You regenerate a little health from kills.
                  | [demonic ancestry]
  1454 | D:2      | Reached XP level 3. HP: 1/27 MP: 6/6
  2023 | D:2      | Noticed Natasha
  2062 | D:2      | Killed Natasha
  2063 | D:2      | Gained mutation: You regenerate health from kills. [demonic
                  | ancestry]
  2063 | D:2      | Reached XP level 4. HP: 12/35 MP: 7/7
  2261 | D:2      | Noticed Natasha
  2268 | D:2      | Killed Natasha
  2351 | D:2      | Noticed Natasha
  2357 | D:2      | Killed Natasha
  2794 | D:3      | Reached XP level 5. HP: 40/40 MP: 8/8
  2871 | D:3      | Learned a level 3 spell: Gell's Gravitas
  3126 | D:3      | Found a hazy altar of Hepliaklqana.
  3161 | D:3      | Became a worshipper of Hepliaklqana the Forgotten
  3220 | D:3      | Found a basalt altar of Yredelemnul.
  3481 | D:4      | Found a sand-covered staircase.
  3556 | Ossuary  | Entered an ossuary
  3556 | Ossuary  | Noticed a wraith
  3556 | Ossuary  | Noticed a wraith
  3556 | Ossuary  | Noticed a wraith
  3651 | Ossuary  | Noticed a wraith
  4116 | D:4      | Reached skill level 1 in Invocations
  4116 | D:4      | Reached XP level 6. HP: 11/47 MP: 2/10
  4615 | D:4      | Noticed Edmund
  4632 | D:4      | HP: 1/47 [gnoll (5)]
  5083 | D:4      | Reached * piety under Hepliaklqana
  5634 | D:4      | Found a radiant altar of Vehumet.
  6159 | D:5      | Entered Level 5 of the Dungeon
  6170 | D:5      | Noticed Sigmund
  6350 | D:5      | Killed Sigmund
  6351 | D:5      | Reached skill level 2 in Invocations
  6351 | D:5      | Reached XP level 7. HP: 44/48 MP: 11/11
  7334 | D:6      | Reached skill level 3 in Invocations
  7334 | D:6      | Gained mutation: You have a pair of small antennae on your
                  | head. [demonic ancestry]
  7334 | D:6      | Reached XP level 8. HP: 55/55 MP: 13/13
  7458 | D:6      | Found Rubufaod's Magic Scroll Shoppe.
  7537 | D:6      | Learned a level 3 spell: Lesser Beckoning
  7542 | D:6      | Learned a level 3 spell: Teleport Other
  7768 | D:6      | Reached skill level 4 in Invocations
  7874 | D:6      | Identified the ring of Res Nullius {rElec Str+6 Int+2}
  7906 | D:6      | Found a staircase to the Ecumenical Temple.
  8171 | D:6      | Reached XP level 9. HP: 43/61 MP: 15/15
  8512 | D:6      | Identified the +4 ring mail of Protective Custody {Rampage
                  | rElec}
  8678 | D:3      | Killed Edmund
  8862 | D:7      | Reached skill level 5 in Invocations
  8889 | D:7      | Reached ** piety under Hepliaklqana
  8890 | D:7      | Remembered your ancestor Maendfuq as a hexer
  9006 | D:7      | Reached skill level 5 in Translocations
  9041 | D:7      | Reached skill level 5 in Fighting
  9115 | D:7      | Found a burning altar of Makhleb.
  9122 | D:7      | Noticed Prince Ribbit
  9128 | D:7      | Killed Prince Ribbit
  9129 | D:7      | Identified the +1 chain mail of the Depths {Fly Will+
                  | Slay+3}
  9172 | D:7      | Found a bloodstained altar of Trog.
  9188 | D:7      | Found a shimmering blue altar of Sif Muna.
  9443 | D:8      | Reached skill level 5 in Spellcasting
  9443 | D:8      | Reached skill level 1 in Evocations
  9651 | D:8      | Reached skill level 5 in Dodging
 10153 | D:8      | Learned a level 5 spell: Manifold Assault
 10247 | D:8      | Gained mutation: You are mostly covered in rugged brown
                  | scales. (AC +2, +5% HP) [demonic ancestry]
 10247 | D:8      | Reached XP level 10. HP: 54/70 MP: 17/17
 10339 | D:9      | Found a stormy altar of Qazlal.
 10397 | D:9      | Found Uhyoxac's Antique Weapon Emporium.
 10402 | D:9      | Bought a smouldering halberd for 234 gold pieces
 10402 | D:9      | Identified the +10 halberd "Wid Paiq" {protect, rPois rN+
                  | Str+4 Dex-3} (You bought it in a shop on level 9 of the
                  | Dungeon)
 10453 | D:9      | Reached skill level 5 in Polearms
 10453 | D:9      | Reached skill level 6 in Invocations
 10593 | D:9      | Reached skill level 5 in Throwing
 10597 | D:9      | Reached skill level 5 in Armour
 10626 | D:9      | Identified a scroll of acquirement
 10633 | D:10     | Entered Level 10 of the Dungeon
 10633 | D:10     | Reached *** piety under Hepliaklqana
 10776 | D:10     | Noticed an orc knight
 10776 | D:10     | Noticed a boulder beetle
 10780 | D:10     | Noticed a centaur warrior
 10803 | D:10     | Killed an orc knight
 10816 | D:10     | Killed a boulder beetle
 10866 | D:10     | Killed a centaur warrior
 10867 | D:10     | Reached skill level 7 in Invocations
 10907 | D:10     | Found Amykuv's Armour Emporium.
 10951 | D:10     | Gained mutation: You have a pair of antennae on your head.
                  | [demonic ancestry]
 10951 | D:10     | Reached XP level 11. HP: 59/76 MP: 19/19
 11111 | D:10     | Found an ornate altar of the Wu Jian Council.
 11151 | D:10     | Noticed Sonja
 11153 | D:10     | Noticed Sonja
 11153 | D:10     | Sonja changed into Sonja the meliai
 11156 | D:10     | Killed Sonja the meliai
 11377 | D:10     | Found a sparkling altar of Nemelex Xobeh.
 11377 | D:10     | Found a sacrificial altar of Ru.
 11834 | D:11     | Noticed a two-headed ogre
 11843 | D:11     | Killed a two-headed ogre
 11971 | D:11     | Found a staircase to the Lair.
 11973 | D:11     | Noticed a four-headed hydra
 11984 | D:11     | Noticed a purple ugly thing
 12061 | D:12     | Noticed a boulder beetle
 12086 | D:12     | Killed a boulder beetle
 12260 | D:12     | Reached **** piety under Hepliaklqana
 12273 | D:12     | Found a gate leading to a gauntlet.
 12273 | D:12     | Noticed a two-headed ogre
 12277 | Gauntlet | Entered a Gauntlet
 12277 | Gauntlet | Found a transporter.
 12277 | Gauntlet | Found a transporter.
 12277 | Gauntlet | Found a transporter.
 12287 | Gauntlet | Found a transporter.
 12290 | Gauntlet | Found a transporter.
 12299 | Gauntlet | Found a transporter.
 12301 | Gauntlet | Found a transporter.
 12305 | Gauntlet | Noticed a hell hog
 12314 | Gauntlet | Found a transporter.
 12327 | Gauntlet | Found a transporter.
 12327 | Gauntlet | Noticed an obsidian statue
 12332 | Gauntlet | Found a transporter.
 12335 | Gauntlet | Found a transporter.
 12345 | Gauntlet | Found a transporter.
 12603 | Gauntlet | Reached skill level 8 in Invocations
 12649 | Gauntlet | Killed a hell hog
 12712 | Gauntlet | Noticed a minotaur
 12725 | Gauntlet | Killed a minotaur
 12858 | D:11     | Noticed a two-headed ogre
 12867 | D:11     | Killed a two-headed ogre
 12868 | D:11     | Gained mutation: You regenerate magic rapidly. [demonic
                  | ancestry]
 12868 | D:11     | Reached XP level 12. HP: 76/86 MP: 21/21
 12947 | D:11     | Killed an eight-headed hydra
 12948 | D:11     | Reached skill level 5 in Evocations
 13026 | D:10     | Bought the +3 robe of Clouds {*Thunder rCloud rElec} for
                  | 386 gold pieces
 13026 | D:10     | Found the +3 robe of Clouds {*Thunder rCloud rElec}
 13195 | D:11     | Found a staircase to the Orcish Mines.
 13368 | Lair:1   | Entered Level 1 of the Lair of Beasts
 13525 | Lair:1   | Reached ***** piety under Hepliaklqana
 13566 | Lair:1   | Learned a level 4 spell: Passage of Golubria
 13726 | Lair:1   | Noticed Nergalle
 13741 | Lair:1   | Killed Nergalle
 14200 | Lair:2   | Reached skill level 9 in Invocations
 14310 | Lair:2   | Noticed a catoblepas
 14337 | Lair:2   | Killed a catoblepas
 14530 | Lair:2   | Found a staircase to the Snake Pit.
 15083 | Lair:3   | Found a shimmering blue altar of Sif Muna.
 15164 | Lair:3   | Noticed a five-headed hydra
 15170 | Lair:3   | Killed a one-headed hydra
 15171 | Lair:3   | Reached XP level 13. HP: 93/93 MP: 5/24
 15750 | Lair:3   | Acquired the ring "Xapoq" {rF+ rC+ Will+ rCorr Dex-2}
 16282 | Lair:4   | Reached skill level 10 in Invocations
 16343 | Lair:4   | Found a staircase to the Shoals.
 16992 | Lair:5   | Upgraded the game from 0.28-a0-674-gdaf460b524 to
                  | 0.28-a0-683-ga8797d1ae1
 17128 | Lair:5   | Reached ****** piety under Hepliaklqana
 17404 | Lair:5   | Noticed Urug
 17419 | Lair:5   | Killed Urug
 17880 | D:6      | Bought a scroll of identify for 22 gold pieces
 17880 | D:6      | Bought a scroll of identify for 22 gold pieces
 17880 | D:6      | Bought a scroll of identify for 22 gold pieces
 18011 | Temple   | Entered the Ecumenical Temple
 18231 | Lair:6   | Entered Level 6 of the Lair of Beasts
 18497 | Lair:6   | Reached XP level 14. HP: 96/100 MP: 24/26
 18791 | Lair:6   | Found a staircase to the Slime Pits.
 19644 | Lair:6   | Identified the ring of Gluttony {Str+2 Int+6}
 20003 | Orc:1    | Entered Level 1 of the Orcish Mines
 20106 | Orc:1    | Found Deoliqe's Armour Emporium.
 20239 | Orc:2    | Entered Level 2 of the Orcish Mines
 20431 | Orc:2    | Found a staircase to the Elven Halls.
 20626 | Orc:2    | Found Qoucsi Bon's Assorted Antiques.
 20626 | Orc:2    | Found Jimej's Book Shoppe.
 20627 | Orc:2    | Found Measoc's Antique Armour Shoppe.
 20631 | Orc:2    | Found Goiduph's Weapon Emporium.
 20634 | Orc:2    | Bought an iridescent spear for 152 gold pieces
 20634 | Orc:2    | Identified the +9 spear "Weng" {chaos, Contam +Blink rC++
                  | rN+++} (You bought it in a shop on level 2 of the Orcish
                  | Mines)
 21834 | D:12     | You fall into a shaft and drop 1 floor!
 21970 | D:12     | Identified the amulet of Iguxegg {Reflect rF+ rC+ SH+5}
 22248 | D:13     | Found a portal to a secret trove of treasure.
 23247 | D:13     | Found a gate to the Vaults.
 23527 | D:13     | Upgraded the game from 0.28-a0-683-ga8797d1ae1 to
                  | 0.28-a0-687-gb91baff9cc
 23588 | D:14     | Gained mutation: You have a pair of large antennae on your
                  | head. (SInv) [demonic ancestry]
 23588 | D:14     | Reached XP level 15. HP: 109/109 MP: 24/28
 23926 | D:14     | Noticed Snorg
 23932 | D:14     | Killed Snorg
 24351 | D:15     | Entered Level 15 of the Dungeon
 25465 | D:15     | Slain by an eight-headed hydra

Illustrated notes

Levels and vault maps discovered:
D:1:      sevenhm_arrival_forest_fort_large_2, layout_loops_cross
D:2:      minmay_angry_zag, layout_basic, uniq_natasha
D:3:      layout_loops_ring, lemuel_round_altar, nicolae_overflow_crystal_walls,
          chequers_serial_rivers_large_a, minivault_26
D:4:      layout_layer_cave, mainiacjoe_overflow_surrounded_room,
          nicolae_ossuary_entry_monument, uniq_edmund
D:5:      layout_basic, uniq_sigmund
D:6:      layout_loops_cross, minmay_temple_entry_junction, serial_shops,
          kennysheep_little_box, grunt_ministairs_5,
          kennysheep_opposing_triangles
D:7:      layout_rooms, mainiacjoe_overflow_chevrons,
          mainiacjoe_overflow_tiny_flanked, mainiacjoe_overflow_alcove_2,
          uniq_prince_ribbit1
D:8:      layout_loops_ring
D:9:      layout_cross, nicolae_qazlal_general_emergency, serial_shops,
          nicolae_shop_trees, billiards_dpeg
D:10:     minmay_bloctagon_deflated, layout_basic,
          nicolae_wu_jian_immortal_techniques, gammafunk_temple_overflow_pools,
          serial_shops, nicolae_shop_crystal, uniq_sonja
D:11:     layout_basic, david_lair_generic, orc_0_dummy
D:12:     layout_loops_cross, gauntlet_entry_generic
D:13:     layout_roguey, grunt_vaults_entry_fortified,
          nicolae_trove_entry_crossroad
D:14:     nrook_guardian_serpent_snake_passage, layout_basic, uniq_snorg
D:15:     hangedman_slaughterboxes
Temple:   nicolae_temple_x_marks_the_god
Lair:1:   layout_regular_city, uniq_nergalle
Lair:2:   layout_misc_corridors, minmay_snake_entry_six_corridors,
          serial_bayou_ford_a
Lair:3:   layout_roguey, basic_altar, lemuel_fruit_fields
Lair:4:   layout_loops_ring, minmay_shoals_entry_hut,
          chequers_serial_rivers_micro_e
Lair:5:   layout_long_grid, infiniplex_staircase_pool_2, lemuel_fruit_tree,
          uniq_urug
Lair:6:   grunt_lair_end_beastmaster, layout_misc_corridors,
          minmay_slime_entry_oklob_enclosed, gammafunk_lair_bear_cave
Orc:1:    layout_caves, serial_shops, shop, david_defended_altar_orc
Orc:2:    st_orc_mages, layout_caves, basic_altar, hellmonk_bongcloud_opening,
          mines_bat_river

Skill      XL: |  1  2  3  4  5  6  7  8  9 10 11 12 13 14 15 |
---------------+----------------------------------------------+-----
Armour         | 1 2 3 4 5 6 7 8 9 |  9.0
Throwing       | 1 2 3 4 5 6 7 8 |  8.9
Polearms       | 2 3 4 5 6 7 8 9 |  9.2
Dodging        | 2 3 4 5 6 7 8 9 |  9.1
Translocations | 3 4 5 6 7 8 9 |  9.3
Invocations    | 1 2 3 4 5 7 8 9 10 | 10.3
Fighting       | 3 4 5 6 7 8 9 |  9.9
Spellcasting   | 3 4 5 6 7 8 9 |  9.2
Evocations     | 1 3 4 5 7 8 |  8.6

Action                   |  1- 3 |  4- 6 |  7- 9 | 10-12 | 13-15 || total
-------------------------+-------+-------+-------+-------+-------++-------
Melee: Spear             |    35 |    69 |       |       |       ||   104
       Mace              |    52 |       |       |       |       ||    52
       Short sword       |    48 |    80 |       |       |       ||   128
       Halberd           |       |    42 |       |   531 |   899 ||  1472
       Scythe            |       |       |   342 |     5 |       ||   347
       War axe           |       |       |       |     4 |    24 ||    28
       Quarterstaff      |       |       |       |       |    55 ||    55
 Fire: Hunting sling     |     7 |    41 |    20 |     4 |       ||    72
Throw: Boomerang         |       |       |     1 |       |       ||     1
       Dart              |       |       |       |    15 |       ||    15
 Cast: Blink             |       |    14 |       |     1 |     3 ||    18
       Gell's Gravitas   |       |       |       |     1 |       ||     1
       Manifold Assault  |       |       |       |    39 |   180 ||   219
       Teleport Other    |       |       |       |     1 |       ||     1
       Passage of Golubr |       |       |       |       |     2 ||     2
       Lesser Beckoning  |       |       |       |       |    10 ||    10
Invok: Ancestor Identity |       |     1 |       |       |       ||     1
       Ancestor Life: He |       |       |     1 |       |       ||     1
       Recall Ancestor   |       |       |       |     1 |       ||     1
Evoke: Wand              |       |       |       |    14 |     3 ||    17
  Use: Scroll            |       |     8 |     4 |     8 |    11 ||    31
       Potion            |       |     2 |       |     1 |       ||     3
 Stab: Confused          |       |       |     1 |     3 |     6 ||    10
       Distracted        |       |       |       |     2 |     5 ||     7
       Sleeping          |       |       |       |     1 |       ||     1
       Paralysed         |       |       |       |       |     2 ||     2
Armor: Leather armour    |    46 |    50 |       |       |       ||    96
       Ring mail         |       |     1 |   124 |   231 |       ||   356
       Chain mail        |       |       |    52 |       |       ||    52
       Robe              |       |       |       |    50 |   369 ||   419
Dodge: Dodged            |    80 |   176 |   366 |   461 |   539 ||  1622
Block: Other             |       |       |       |       |    44 ||    44
       Reflection        |       |       |       |       |     9 ||     9

Table legend: (Time is in decaauts)
 A = Elapsed time spent in this place.
 B = Non-inter-level travel time spent in this place.
 C = Inter-level travel time spent in this place.
 D = Time resting spent in this place.
 E = Time spent auto-exploring this place.
 F = Levels seen in this place.
 G = Mean time per level.
                   A        B        C        D        E       F      G
               +--------+--------+--------+--------+--------+-----+--------+
         Total |  25990 |  24482 |   1508 |   1323 |  16949 |  26 |  999.6 |
       Dungeon |  17389 |  16435 |    954 |   1017 |  11431 |  15 | 1159.3 |
        Temple |     11 |      9 |      2 |      0 |      0 |   1 |   11.0 |
          Lair |   6298 |   5807 |    491 |    275 |   4340 |   6 | 1049.7 |
  Orcish Mines |   1561 |   1502 |     59 |      0 |    969 |   2 |  780.5 |
       Ossuary |    217 |    217 |      0 |      0 |     43 |   1 |  217.0 |
      Gauntlet |    512 |    512 |      0 |     31 |    166 |   1 |  512.0 |
               +--------+--------+--------+--------+--------+-----+--------+

Top non-repeatable levels by time:
     D:4: 2308 daAuts
     D:6: 1652 daAuts
  Lair:6: 1630 daAuts
     D:2: 1572 daAuts
    D:13: 1512 daAuts
     D:1: 1480 daAuts
  Lair:4: 1186 daAuts
    D:10: 1156 daAuts
     D:5: 1115 daAuts
  Lair:2: 1078 daAuts
     D:8: 1050 daAuts
   Orc:2: 1037 daAuts
    D:11: 977 daAuts
    D:14: 888 daAuts
    D:12: 887 daAuts
